 Dungeon Crawl Stone Soup version 0.31-a0-165-g3f4f80340b (webtiles) character file.

Game seed: 5166528089254080296

117 qw the Shooter (level 5, -2/45 HPs)
             Began as a Naga Hunter on June 13, 2023.
             Was an Initiate of Okawaru.
             Slain by an ogre
             ... wielding a +0 giant club
              (19 damage)
             ... on level 3 of the Dungeon.
             The game lasted 00:00:28 (1693 turns).

qw the Shooter (Naga Hunter)                        Turns: 1693, Time: 00:00:29

Health: -2/45      AC:  7    Str: 11 (13) XL:     5   Next: 1%
Magic:  5/5        EV:  7    Int:  9      God:    Okawaru [......]
Gold:   183        SH:  0    Dex: 17      Spells: 4/4 levels left

rFire   . . .        Y - +0 shortbow
rCold   . . .        (shield currently unavailable)
rNeg    . . .        c - +0 leather armour
rPois   +            (no helmet)
rElec   .            (no cloak)
rCorr   .            (no gloves)
SInv    +            e - +0 barding
Will    .....        (no amulet)
Stlth   ++           (no ring)
HPRegen 0.27/turn    (no ring)
MPRegen 0.09/turn

%: no passive effects
@: short of breath, very slow
A: AC +1, large, see invisible, deformed body, poison resistance, slowness 2,
spit poison 1, naga tail 1
a: Spit Poison, Renounce Religion


You were on level 3 of the Dungeon.
You worshipped Okawaru.
Okawaru was noncommittal.
You visited 1 branch of the dungeon, and saw 3 of its levels.

You collected 216 gold pieces.
You spent 33 gold pieces at shops.


Innate Abilities, Weirdness & Mutations

Your serpentine skin is tough. (AC +1)
You have supernaturally acute eyesight. (SInv)
Armour fits poorly on your strangely shaped body.
Your system is resistant to poisons. (rPois)
You cover ground very slowly.
You can spit poison.
You have a snake-like lower body.


   Skills:
 + Level 2.0 Fighting
 - Level 5.6 Ranged Weapons
 - Level 1.5 Dodging
 - Level 1.5 Stealth


You had 4 spell levels left.
You didn't know any spells.
Your spell library was empty.

Inventory:

Hand Weapons
 Y - a +0 shortbow (weapon)
Armour
 c - a +0 leather armour (worn)
 e - a +0 barding (worn)
Potions
 a - a potion of haste {unknown}
 b - 2 potions of curing
 d - a potion of mutation {unknown}
 f - a potion of magic {unknown}
 g - a potion of lignification {unknown}

Dungeon Overview and Level Annotations

Branches:
Dungeon (3/15)

Altars:
Okawaru
The Shining One

Shops:
D:1 ([:   D:2 !


Message History

Enter note:
Enter note:
Enter note:
Enter note: An ogre comes into view. It is wielding a +0 giant club.
Found a potion of degeneration.
Enter note:
Enter note:
Enter note:
Enter note:
Enter note:
Enter note:
1687 ||| INVOKING Spit Poison.
Aiming: Spit Poison (1% risk of failure)
Press: ? - help, Shift-Dir - straight line, f - ogre The splash of poison hits the ogre!
The ogre is moderately wounded.
The ogre shouts!
You shoot an arrow.
The arrow hits the ogre but does no damage.
The ogre is moderately wounded.
You shoot an arrow. The arrow barely misses the ogre.
You shoot an arrow. The arrow hits the ogre.
The ogre is heavily wounded.
The ogre closely misses you.
You shoot an arrow. The arrow hits the ogre.
The ogre is heavily wounded.
You have got your breath back.
1692 ||| INVOKING Spit Poison.
Aiming: Spit Poison (1% risk of failure)
Press: ? - help, Shift-Dir - straight line, f/p - ogre The splash of poison hits the ogre!
The ogre is almost dead.
The ogre hits you with a +0 giant club!!
Ouch! That really hurt!
You shoot an arrow.
The arrow hits the ogre but does no damage.
The ogre is almost dead.
The ogre hits you with a +0 giant club!!
You die...

.!####### #.....O.# #@#
. #.# #.####.####
########## #.........#
#........# #.........#
#........# #.........#
#........# #.........#
#........#
#.........####....<....
#..........#...........


You could see an ogre.

Vanquished Creatures
  A scorpion (D:3)
  2 adders
  5 endoplasms
  2 giant cockroaches
  4 goblins
  3 hobgoblins
  A quokka (D:2)
  3 ball pythons
  4 bats
  3 frilled lizards
  7 kobolds
  2 rats
37 creatures vanquished.

Notes
Turn   | Place    | Note
-------+----------+-------------------------------------------
     0 | D:1      | qw the Naga Hunter began the quest for the Orb.
     0 | D:1      | Reached XP level 1. HP: 19/19 MP: 1/1
     0 | D:1      | 0 ||| qw: Version: 0.2-a-29-gc1b59c4
     0 | D:1      | 0 ||| qw: Game counter: 4712
     0 | D:1      | 0 ||| qw: Always use a shield: true
     0 | D:1      | 0 ||| qw: God list: Okawaru
     0 | D:1      | 0 ||| qw: Allow faded altars: false
     0 | D:1      | 0 ||| qw: Do Orc after D:15 true
     0 | D:1      | 0 ||| qw: Do second Lair branch before Depths: true
     0 | D:1      | 0 ||| qw: Lair rune preference: random
     0 | D:1      | 0 ||| qw: Plans: Normal
     0 | D:1      | 0 ||| PLANNING D:1-11
    26 | D:1      | 26 ||| INVOKING Spit Poison.
    81 | D:1      | 81 ||| INVOKING Spit Poison.
    92 | D:1      | 92 ||| INVOKING Spit Poison.
   100 | D:1      | Found Raceocof's Antique Weapon Shop.
   106 | D:1      | 106 ||| SHOPLISTING glowing shortbow (156 gold, have 11).
   136 | D:1      | 136 ||| INVOKING Spit Poison.
   177 | D:1      | Reached skill level 4 in Ranged Weapons
   177 | D:1      | Reached XP level 2. HP: 26/26 MP: 2/2
   179 | D:1      | 179 ||| INVOKING Spit Poison.
   185 | D:1      | 185 ||| INVOKING Spit Poison.
   188 | D:1      | Found Exut's Antique Armour Emporium.
   205 | D:1      | 205 ||| INVOKING Spit Poison.
   227 | D:1      | 227 ||| INVOKING Spit Poison.
   228 | D:1      | 228 ||| INVOKING Spit Poison.
   233 | D:1      | 233 ||| INVOKING Spit Poison.
   238 | D:1      | 238 ||| INVOKING Spit Poison.
   244 | D:1      | Found Sahohul's Book Shoppe.
   267 | D:1      | 267 ||| SHOPLISTING pair of gloves (90 gold, have 46).
   267 | D:1      | 267 ||| SHOPLISTING pair of runed gloves (150 gold, have
                  | 46).
   267 | D:1      | 267 ||| SHOPLISTING runed leather armour (100 gold, have
                  | 46).
   292 | D:1      | Found a faded altar of an unknown god.
   422 | D:1      | 422 ||| DROPPING ring of wizardry.
   423 | D:1      | 423 ||| READING scroll labelled HOLEFAPSOTH.
   424 | D:1      | 424 ||| DRINKING 2 dark potions.
   425 | D:1      | 425 ||| DROPPING scroll of butterflies.
   426 | D:1      | 426 ||| DROPPING potion of degeneration.
   494 | D:2      | Reached XP level 3. HP: 32/32 MP: 3/3
   636 | D:2      | 636 ||| INVOKING Spit Poison.
   642 | D:2      | 642 ||| INVOKING Spit Poison.
   647 | D:2      | 647 ||| INVOKING Spit Poison.
   669 | D:2      | Found Tousaha's Distillery.
   681 | D:2      | 681 ||| BUYING potion of curing (33 gold).
   681 | D:2      | Bought a potion of curing for 33 gold pieces
   711 | D:2      | 711 ||| INVOKING Spit Poison.
   868 | D:2      | 868 ||| INVOKING Spit Poison.
  1219 | D:2      | 1219 ||| INVOKING Spit Poison.
  1223 | D:2      | 1223 ||| UPGRADING to +0 barding.
  1228 | D:2      | 1228 ||| READING scroll labelled UGUEFAU JAULOTOR.
  1366 | D:3      | 1366 ||| INVOKING Spit Poison.
  1371 | D:3      | 1371 ||| INVOKING Spit Poison.
  1420 | D:3      | Noticed a scorpion
  1421 | D:3      | 1421 ||| INVOKING Spit Poison.
  1424 | D:3      | 1424 ||| INVOKING Spit Poison.
  1425 | D:3      | Killed a scorpion
  1426 | D:3      | Reached skill level 5 in Ranged Weapons
  1426 | D:3      | Reached XP level 4. HP: 30/39 MP: 4/4
  1426 | D:3      | Reached XP level 5. HP: 34/45 MP: 5/5
  1527 | D:3      | Found a glowing golden altar of the Shining One.
  1527 | D:3      | Found an iron altar of Okawaru.
  1528 | D:3      | 1528 ||| PLANNING OKAWARU WORSHIP
  1531 | D:3      | Became a worshipper of Warmaster Okawaru
  1531 | D:3      | 1531 ||| PLANNING D:1-11
  1607 | D:3      | 1607 ||| INVOKING Spit Poison.
  1686 | D:3      | Noticed an ogre
  1687 | D:3      | 1687 ||| INVOKING Spit Poison.
  1692 | D:3      | 1692 ||| INVOKING Spit Poison.
  1693 | D:3      | Slain by an ogre

Levels and vault maps discovered:
D:1:      minmay_arrival_arboretum_large, layout_rooms,
          ebering_ecumenical_altar_rust, serial_shops, shop, shop,
          nicolae_shop_peninsula, minmay_misc_feat_doors, feat_on_display
D:2:      layout_basic, serial_shops, nicolae_shop_industrial_runoff
D:3:      layout_basic, gammafunk_temple_overflow_elements

Skill      XL: |  1  2  3 |
---------------+----------+-----
Ranged Weapons | 4 5 |  5.6
Fighting       | |  2.0
Dodging        | |  1.5
Stealth        | |  1.5

Action                     |  1- 3 |  4- 6 || total
---------------------------+-------+-------++-------
   Fire: Shortbow          |    58 |     5 ||    63
Ability: Spit Poison       |    20 |     3 ||    23
    Use: Scroll            |     2 |       ||     2
         Potion            |     1 |       ||     1
 Armour: Leather armour    |     6 |       ||     6
  Dodge: Dodged            |    11 |     1 ||    12

Table legend:
 A = Non-vault XP
 B = Vault XP
 C = Vault XP percentage of total XP
 D = Non-vault monster count
 E = Vault monster count
 F = Vault count percentage of total count
                 A         B        C        D         E       F
            +---------+---------+-------+---------+---------+-------
      Total |     168 |       0 |   0.0 |      37 |       0 |   0.0
            +---------+---------+-------+---------+---------+-------
        D:1 |      29 |       0 |   0.0 |      19 |       0 |   0.0
        D:2 |      35 |       0 |   0.0 |      14 |       0 |   0.0
        D:3 |     104 |       0 |   0.0 |       4 |       0 |   0.0
            +---------+---------+-------+---------+---------+-------
